 Dungeon Crawl Stone Soup version 0.31-a0-609-g7bf6ffcfed (webtiles) character file.

Game seed: 15220458669353523048

261 Rohain the Slasher (level 6, 0/50 HPs)
             Began as a Gnoll Reaver on Aug 22, 2023.
             Slain by a jelly (3 damage)
             ... on level 5 of the Dungeon.
             The game lasted 00:05:45 (3291 turns).

Rohain the Slasher (Gnoll Reaver)                   Turns: 3291, Time: 00:05:45

Health: 0/50       AC: -4    Str: 13    XL:     6   Next: 18%
Magic:  14/14      EV: 13    Int: 12    God:
Gold:   27         SH:  0    Dex: 11    Spells: 12/15 levels left

rFire   . . .        a - +1 falchion
rCold   . . .        (no shield)
rNeg    . . .        b - +0 leather armour
rPois   +            (no helmet)
rElec   .            r - +1 cloak {rPois}
rCorr   .            (no gloves)
SInv    .            o - +1 pair of boots
Will    .....        k - amulet of magic regeneration
Stlth   ++           l - ring of flight
HPRegen 0.28/turn    (no ring)
MPRegen 0.54/turn

%: no passive effects
@: corroded, flying
A: fangs 1, strong nose, distributed training
a: no special abilities


You were on level 5 of the Dungeon.
You visited 1 branch of the dungeon, and saw 5 of its levels.

You collected 214 gold pieces.
You spent 187 gold pieces at shops.

Inventory:

Hand Weapons
 a - a +1 falchion (weapon)
 d - a +0 long sword
Missiles
 n - 2 boomerangs
Armour
 b - a +0 leather armour (worn)
 o - a +1 pair of boots (worn)
 r - a +1 cloak of poison resistance (worn)
Jewellery
 e - an amulet of guardian spirit
 k - an amulet of magic regeneration (around neck)
 l - a ring of flight (left hand)
Scrolls
 h - 4 scrolls of teleportation
 i - 2 scrolls of identify
 j - a scroll of enchant weapon
 p - a scroll of amnesia
Potions
 c - 3 potions of resistance
 f - 2 potions of curing
 g - 2 potions of attraction
 m - a potion of haste {unknown}
 q - a potion of brilliance {unknown}


   Skills:
 + Level 4.9 Fighting
 + Level 1.9 Short Blades
 + Level 6.8 Long Blades
 + Level 1.9 Axes
 + Level 1.9 Maces & Flails
 + Level 1.9 Polearms
 + Level 1.9 Staves
 + Level 1.9 Ranged Weapons
 + Level 1.9 Throwing
 + Level 1.9 Armour
 + Level 4.9 Dodging
 + Level 1.9 Stealth
 + Level 1.9 Shields
 + Level 1.9 Unarmed Combat
 + Level 5.3 Spellcasting
 + Level 5.6 Conjurations
 + Level 1.5 Hexes
 + Level 1.5 Summonings
 + Level 1.5 Necromancy
 + Level 1.5 Translocations
 + Level 1.5 Transmutations
 + Level 1.5 Fire Magic
 + Level 1.5 Ice Magic
 + Level 1.5 Air Magic
 + Level 1.5 Earth Magic
 + Level 1.5 Poison Magic
 + Level 2.1 Invocations
 + Level 1.9 Evocations
 + Level 1.5 Shapeshifting


You had 12 spell levels left.
You knew the following spells:

 Your Spells              Type           Power      Damage    Failure   Level
a - Kiss of Death         Conj/Necr      44%        2d8       5%          1
b - Momentum Strike       Conj/Tloc      22%        3d8       9%          2

Your spell library contained the following spells:

 Spells                   Type           Power      Damage    Failure   Level
 Hailstorm                Conj/Ice       11%        3d5       17%         3
 Ozocubu's Armour         Ice            6%         N/A       36%         3
 Vhi's Electric Charge    Tloc/Air       12%        N/A       36%         3
 Arcjolt                  Conj/Air       5%         1d15      83%         5
 Metabolic Englaciation   Hex/Ice        3%         N/A       98%         5
 Plasma Beam              Fire/Air       3%         2x1d13    100%        6
 Simulacrum               Ice/Necr       3%         N/A       100%        6


Dungeon Overview and Level Annotations

Branches:
Dungeon (5/15)
 Temple: D:4-7

Altars:
Dithmenos
Elyvilon

Shops:
D:2 (   D:4 !(:*   D:5 [


Innate Abilities, Weirdness & Mutations

You have very sharp teeth.
Your uncanny sense of smell can sniff out nearby items.
Your experience applies equally to all skills.


Message History

A jelly is nearby!
The jelly quivers.
There is a stone staircase leading up here.
You fly upwards.
There is a stone staircase leading down here.
You start resting.
HP restored.
a - a +1 falchion (weapon)
Things that are here:
2 poisoned darts; a +0 dagger; a goblin skeleton
There is a stone staircase leading down here.
You fly downwards.
There is a stone staircase leading up here.
You barely miss the jelly. You slash the jelly! The acid corrodes you!
Your hands burn!
You bite the jelly, but do no damage.
The jelly is heavily wounded.
The jelly hits you.
You are splashed with acid!
You barely miss the jelly.
The jelly is heavily wounded.
The jelly barely misses you.
You hit the jelly.
Your hands burn!
You bite the jelly, but do no damage.
The jelly is severely wounded.
The jelly barely misses you.
You hit the jelly. The acid corrodes you!
Your hands burn!
You bite the jelly, but do no damage.
The jelly is severely wounded.
The jelly hits you.
You are splashed with acid!
You hit the jelly but do no damage.
Your hands burn!
The jelly is severely wounded.
The jelly hits you.
* * * LOW HITPOINT WARNING * * *
You are splashed with acid!
* * * LOW HITPOINT WARNING * * *
Unknown command.
You hit the jelly. The acid corrodes you!
Your hands burn!
* * * LOW HITPOINT WARNING * * *
The jelly is almost dead.
The jelly hits you.
You die...

........ ..##.
##......# #....
#.......#
.....##.......#######
.....#.......#......
.(.^##...†.........
#...#..#...#.....
#.J.#..#.#......
#.@.....∩.......
###....#.#.!....
#.....#...#.....
....#.#...........
#####.##.....#####
.....<...#
#..###....# #.##
.....#


You could see a jelly.

Vanquished Creatures
  A jelly (D:4)
  A hound (D:4)
  An iguana (D:5)
  7 adders
  5 worms
  2 dart slugs (D:1)
  An orc (D:4)
  10 bats
  10 endoplasms
  4 giant cockroaches
  4 goblins
  10 hobgoblins
  3 jackals (D:1)
  8 kobolds
  2 quokkas
  4 ball pythons
  8 frilled lizards
  23 rats
104 creatures vanquished.

Notes
Turn   | Place    | Note
-------+----------+-------------------------------------------
     0 | D:1      | Rohain the Gnoll Reaver began the quest for the Orb.
     0 | D:1      | Reached XP level 1. HP: 20/20 MP: 6/6
   107 | D:1      | Reached XP level 2. HP: 26/26 MP: 7/7
   378 | D:1      | Reached XP level 3. HP: 26/31 MP: 9/9
   412 | D:1      | Reached skill level 5 in Spellcasting
   649 | D:1      | Reached skill level 1 in Invocations
   982 | D:2      | Reached skill level 1 in Short Blades
   982 | D:2      | Reached skill level 1 in Axes
   982 | D:2      | Reached skill level 1 in Maces & Flails
   982 | D:2      | Reached skill level 1 in Polearms
   982 | D:2      | Reached skill level 1 in Staves
   982 | D:2      | Reached skill level 1 in Ranged Weapons
   982 | D:2      | Reached skill level 1 in Throwing
   982 | D:2      | Reached skill level 1 in Armour
   982 | D:2      | Reached skill level 1 in Stealth
   982 | D:2      | Reached skill level 1 in Shields
   982 | D:2      | Reached skill level 1 in Unarmed Combat
   982 | D:2      | Reached skill level 1 in Evocations
  1026 | D:2      | Reached XP level 4. HP: 38/38 MP: 11/11
  1315 | D:2      | Found Qoheg's Antique Weapon Shop.
  1354 | D:2      | Reached skill level 1 in Hexes
  1354 | D:2      | Reached skill level 1 in Summonings
  1354 | D:2      | Reached skill level 1 in Necromancy
  1354 | D:2      | Reached skill level 1 in Translocations
  1354 | D:2      | Reached skill level 1 in Transmutations
  1354 | D:2      | Reached skill level 1 in Fire Magic
  1354 | D:2      | Reached skill level 1 in Ice Magic
  1354 | D:2      | Reached skill level 1 in Air Magic
  1354 | D:2      | Reached skill level 1 in Earth Magic
  1354 | D:2      | Reached skill level 1 in Poison Magic
  1354 | D:2      | Reached skill level 1 in Shapeshifting
  1836 | D:3      | Learned a level 2 spell: Momentum Strike
  1913 | D:3      | Found a shadowy altar of Dithmenos.
  1927 | D:3      | Found a white marble altar of Elyvilon.
  1982 | D:3      | Reached XP level 5. HP: 43/43 MP: 12/12
  2418 | D:4      | Found Kagada's Book Shop.
  2542 | D:4      | Found Tisuv's Assorted Antiques.
  2638 | D:4      | Found Defaet's Weapon Emporium.
  2909 | D:4      | Reached XP level 6. HP: 46/50 MP: 13/13
  2933 | D:4      | Found Giurcha's Distillery.
  3171 | D:5      | Entered Level 5 of the Dungeon
  3171 | D:5      | Found Axanagawk's Antique Armour Boutique.
  3178 | D:5      | Bought an embroidered cloak for 187 gold pieces
  3291 | D:5      | Slain by a jelly

Illustrated notes

Levels and vault maps discovered:
D:1:      lemuel_arrival_cross, layout_basic, minmay_misc_feat_more_columns,
          hex_large, st_stairs_13, minmay_box_of_dots
D:2:      layout_basic, serial_shops, nicolae_diamond_shop
D:3:      layout_rooms, mainiacjoe_overflow_catch_the_wave, minmay_rat_hole
D:4:      layout_rooms, serial_shops, nicolae_shop_bloodbath_and_beyond, shop,
          shop_statue, nicolae_shop_stone, kennysheep_generic_room_7
D:5:      cheibrodos_two_vegetables, layout_rooms,
          minmay_temple_entry_enclosed_plants, serial_shops,
          nicolae_shop_advertising_works [nicolae_subvault_shop_adworks],
          serial_bayou_pond_c, chequers_decorated_corner, dk_vineyard_1,
          st_stairs_2

Skill      XL: |  1  2  3  4  5 |
---------------+----------------+-----
Spellcasting   | 5 |  5.3
Invocations    | 1 2 |  2.1
Short Blades   | 1 |  1.9
Axes           | 1 |  1.9
Maces & Flails | 1 |  1.9
Polearms       | 1 |  1.9
Staves         | 1 |  1.9
Ranged Weapons | 1 |  1.9
Throwing       | 1 |  1.9
Armour         | 1 |  1.9
Stealth        | 1 |  1.9
Shields        | 1 |  1.9
Unarmed Combat | 1 |  1.9
Evocations     | 1 |  1.9
Hexes          | 1 |  1.5
Summonings     | 1 |  1.5
Necromancy     | 1 |  1.5
Translocations | 1 |  1.5
Transmutations | 1 |  1.5
Fire Magic     | 1 |  1.5
Ice Magic      | 1 |  1.5
Air Magic      | 1 |  1.5
Earth Magic    | 1 |  1.5
Poison Magic   | 1 |  1.5
Shapeshifting  | 1 |  1.5
Fighting       | |  4.9
Long Blades    | |  6.8
Dodging        | |  4.9
Conjurations   | |  5.6

Action                     |  1- 3 |  4- 6 || total
---------------------------+-------+-------++-------
  Melee: Falchion          |   134 |   223 ||   357
         Bite              |    10 |    29 ||    39
         Punch             |       |     3 ||     3
         Long sword        |       |     9 ||     9
    Use: Scroll            |     3 |     9 ||    12
         Potion            |       |     1 ||     1
   Stab: Sleeping          |     1 |     1 ||     2
 Armour: Leather armour    |    35 |    46 ||    81
  Dodge: Dodged            |    79 |   127 ||   206

Table legend: (Time is in decaauts)
 A = Elapsed time spent in this place.
 B = Non-inter-level travel time spent in this place.
 C = Inter-level travel time spent in this place.
 D = Time resting spent in this place.
 E = Time spent auto-exploring this place.
 F = Levels seen in this place.
 G = Mean time per level.
                   A        B        C        D        E       F      G
               +--------+--------+--------+--------+--------+-----+--------+
         Total |   3279 |   3162 |    117 |    425 |   1906 |   5 |  655.8 |
       Dungeon |   3279 |   3162 |    117 |    425 |   1906 |   5 |  655.8 |
               +--------+--------+--------+--------+--------+-----+--------+

Top non-repeatable levels by time:
     D:1: 946 daAuts
     D:2: 846 daAuts
     D:4: 828 daAuts
     D:3: 615 daAuts
     D:5: 42 daAuts
